Map: Lerilak Crest

Players

AgCl - Winner!

  • Race: Protoss Protoss

Balzac

  • Race: Protoss Protoss

VOD

Have the link to the VOD?

Description

Time

  • Played on: May 3, 2015, 8:52 p.m.
  • Length: 10:49
Show
View Real Time Build Order
Export as new Build Order

AgCl Protoss - Winner!

Build Orders: Phoenix Opening, Phoenix Opening, Zealot Archon 

Get SALT Encoding   

  12  0:23  Pylon  
  12  0:24  Probe  
  12  0:26  Assimilator  
  13  0:36  Probe  
  14  0:44  Gateway  
  14  0:48  Probe (Chrono Boost)  
  15  0:59  Probe (Chrono Boost)  
  16  1:05  Probe  
  16  1:10  Assimilator  
  17  1:14  Pylon  
  17  1:17  Probe  
  18  1:29  Probe  
  19  1:33  Zealot (Chrono Boost)  
  19  1:38  Cybernetics Core  
  21  1:43  Probe (Chrono Boost)  
  22  1:55  Probe (Chrono Boost)  
  23  2:04  Probe (Chrono Boost)  
  24  2:12  Probe (Chrono Boost)  
  25  2:22  Mothership Core (Chrono Boost)  
  27  2:28  Stargate  
  27  2:31  Pylon  
  25  2:50  Probe  
  26  2:58  Nexus  
  26  3:15  Forge  
  26  3:20  Pylon  
  26  3:25  Phoenix (Chrono Boost)  
  28  3:28  Probe  
  29  3:36  Warp Gate  
  29  3:40  Probe  
  30  3:52  Probe  
  31  3:56  Twilight Council  
  31  4:01  Pylon  
  31  4:04  Probe  
  32  4:10  Probe  
  32  4:13  Protoss Ground Weapons Level 1 (Chrono Boost)  
  33  4:21  Photon Cannon  
  33  4:22  Probe x2  
  35  4:32  Dark Shrine  
  35  4:34  Probe  
  35  4:35  Probe  
  37  4:45  Gateway  
  37  4:50  Pylon  
  37  4:52  Probe  
  38  4:53  Probe  
  39  5:05  Probe (Chrono Boost)  
  39  5:08  Probe (Chrono Boost)  
  39  5:09  Photon Cannon  
  39  5:13  Assimilator  
  40  5:15  Probe (Chrono Boost)  
  40  5:17  Probe (Chrono Boost), Assimilator  
  41  5:23  Probe (Chrono Boost)  
  41  5:24  Probe (Chrono Boost)  
  43  5:34  Probe, Gateway  
  43  5:35  Probe, Pylon  
  45  5:43  Gateway  
  45  5:46  Pylon  
  45  5:54  Dark Templar x2  
  49  5:57  Probe  
  49  5:59  Protoss Ground Weapons Level 2 (Chrono Boost)  
  49  6:00  Probe  
  50  6:09  Probe  
  51  6:12  Probe  
  52  6:21  Probe  
  52  6:24  Dark Templar x2  
  57  6:29  Probe  
  56  6:42  Probe  
  53  6:57  Probe (Chrono Boost)  
  53  6:58  Charge (Chrono Boost)  
  53  6:59  Probe (Chrono Boost)  
  54  7:08  Pylon  
  54  7:11  Probe (Chrono Boost), Pylon  
  54  7:12  Gateway  
  54  7:14  Probe (Chrono Boost)  
  55  7:17  Gateway, Photon Cannon  
  55  7:20  Photon Cannon  
  55  7:21  Probe  
  56  7:23  Nexus  
  56  7:24  Probe  
  56  7:25  Dark Templar x4, Pylon  
  56  7:29  Archon x2  
  65  7:42  Gateway x2  
  65  7:48  Gateway x2  
  65  7:56  Robotics Facility  
  63  7:58  Photon Cannon  
  63  7:59  Probe (Chrono Boost)  
  63  8:00  Probe (Chrono Boost)  
  61  8:09  Probe (Chrono Boost)  
  61  8:11  Probe (Chrono Boost)  
  61  8:15  Zealot  
  63  8:23  Dark Templar x3  
  63  8:25  Probe  
  70  8:43  Observer (Chrono Boost)  
  71  8:49  Stalker  
  71  8:53  Dark Templar x4  
  81  8:57  Archon x3  
  81  9:00  Photon Cannon  
  81  9:01  Stalker  
  74  9:15  Zealot x3  
  74  9:16  Zealot  
  82  9:20  Observer (Chrono Boost)  
  83  9:32  Warp Prism (Chrono Boost)  
  85  9:40  Dark Templar x2  
  85  9:41  Dark Templar  
  85  9:42  Zealot x2  
  83  10:26  Dark Templar x3  
  83  10:27  Dark Templar  
  85  10:39  Stalker x2  
  85  10:40  Zealot x4  
  85  10:42  Archon  
  92  10:45  Archon  
Show
View Real Time Build Order
Export as new Build Order

Balzac Protoss 

Build Orders: Oracle Opening, Oracle Opening 

Get SALT Encoding   

  12  0:03  Probe  
  13  0:13  Pylon  
  13  0:21  Probe  
  14  0:33  Probe (Chrono Boost)  
  15  0:37  Gateway  
  15  0:45  Probe (Chrono Boost)  
  15  0:46  Assimilator  
  16  0:51  Probe (Chrono Boost)  
  16  0:56  Assimilator  
  17  1:02  Probe (Chrono Boost)  
  19  1:13  Probe (Chrono Boost)  
  19  1:14  Pylon  
  19  1:19  Probe  
  19  1:25  Cybernetics Core  
  20  1:32  Probe (Chrono Boost)  
  21  1:44  Probe (Chrono Boost)  
  22  1:50  Probe (Chrono Boost)  
  24  2:01  Stalker  
  24  2:06  Mothership Core (Chrono Boost)  
  24  2:07  Warp Gate  
  27  2:21  Probe (Chrono Boost)  
  28  2:22  Stargate  
  28  2:34  Adept  
  29  2:49  Probe  
  30  2:53  Gateway x2  
  30  2:54  Pylon  
  33  3:15  Oracle (Chrono Boost)  
  33  3:17  Probe  
  34  3:24  Nexus  
  34  3:29  Probe  
  35  3:41  Probe (Chrono Boost)  
  35  3:48  Gateway  
  36  3:53  Probe (Chrono Boost)  
  37  4:09  Stargate  
  37  4:24  Pylon  
  37  4:25  Pylon, Protoss Air Weapons Level 1  
  37  4:36  Phoenix (Chrono Boost)  
  39  4:40  Probe  
  40  4:52  Probe  
  43  4:57  Phoenix (Chrono Boost)  
  43  5:10  Probe (Chrono Boost)  
  43  5:12  Phoenix (Chrono Boost)  
  47  5:15  Probe (Chrono Boost)  
  47  5:17  Phoenix (Chrono Boost)  
  49  5:33  Probe x2, Assimilator  
  49  5:34  Phoenix (Chrono Boost)  
  49  5:35  Pylon  
  53  5:45  Probe x2  
  53  5:46  Assimilator  
  55  5:57  Probe  
  55  6:01  Zealot x3  
  62  6:18  Pylon x2  
  61  6:52  Probe x2  
  63  7:04  Probe  
  63  7:05  Pylon  
  62  7:10  Pylon  
  62  7:11  Probe  
  63  7:16  Probe  
  64  7:23  Probe  
  64  7:28  Probe  
  66  7:30  Robotics Facility  
  66  7:35  Probe (Chrono Boost)  
  67  7:39  Stalker, Pylon  
  67  7:43  Probe (Chrono Boost)  
  70  7:47  Probe (Chrono Boost)  
  71  7:57  Probe x2 (Chrono Boost)  
  73  8:05  Probe x2  
  75  8:16  Gateway x2  
  75  8:18  Gateway  
  75  8:20  Gateway  
  75  8:22  Robotics Bay, Pylon  
  75  8:23  Warp Prism (Chrono Boost)  
  77  8:37  Nexus  
  77  8:38  Forge  
  77  8:41  Pylon  
  77  8:52  Observer (Chrono Boost)  
  82  9:17  Robotics Facility  
  82  9:19  Disruptor (Chrono Boost)  
  82  9:23  Gateway  
  81  9:24  Gateway  
  81  9:27  Photon Cannon  
  81  9:32  Stalker x3  
  87  9:41  Photon Cannon  
  87  9:42  Disruptor  
  87  9:43  Pylon  
  91  9:54  Disruptor (Chrono Boost)  
  91  9:55  Disruptor  
  72  10:30  Stalker  
  72  10:31  Stalker x2  
Tags
 
Add a new tag
Caveats
  • Supply blocks, unpowered buildings, or Contaminate may cause inaccurate times.
  • Supply counts are checked every 10 seconds.